 Dungeon Crawl Stone Soup version 0.19.0-18-g426998a (webtiles) character file.

2171 SirGodfroy the Slicer (level 9, -20/56 HPs)
             Began as a Kobold Berserker on Nov 11, 2016.
             Was an Elder of Trog.
             Demolished by Iwannabefree's ghost (22 damage)
             ... on level 8 of the Dungeon on Nov 12, 2016.
             The game lasted 00:16:58 (6683 turns).

SirGodfroy the Slicer (Kobold Berserker)            Turns: 6683, Time: 00:16:59

Health: -20/56     AC:  4    Str: 19    XL:     9   Next: 58%
Magic:  4/12       EV: 18    Int:  8    God:    Trog [****..]
Gold:   421        SH:  0    Dex: 17    Spells: 0 memorised, 8 levels left

rFire  . . .     SeeInvis .     a - +1 short sword
rCold  + . .     Gourm    .     f - +0 leather armour
rNeg   . . .     Faith    .     (shield restricted)
rPois  .         Spirit   .     (helmet restricted)
rElec  .         Reflect  .     (no cloak)
rCorr  .         Harm     .     (no gloves)
MR     .....                    v - +0 pair of boots
Stlth  ++++......               r - amulet of rage
                                (no ring)
                                l - ring of protection from cold

@: exhausted, slowed, very slow
A: horns 1, carnivore 3, strong 2
a: Berserk, Trog's Hand, Brothers in Arms, Burn Spellbooks, Renounce Religion,
Evoke Berserk Rage


You were on level 8 of the Dungeon.
You worshipped Trog.
Trog was greatly pleased with you.
You were not hungry.

You visited 1 branch of the dungeon, and saw 8 of its levels.
You also visited: Ossuary.

You collected 421 gold pieces.

Inventory:

Hand Weapons
 a - a +1 short sword (weapon)
Missiles
 q - 3 tomahawks of dispersal (quivered)
Armour
 f - a +0 leather armour (worn)
 v - a +0 pair of boots (worn)
Rods
 x - a -3 lightning rod (14/14)
   (You found it on level 6 of the Dungeon)
Jewellery
 l - a ring of protection from cold (left hand)
 r - an amulet of rage (around neck)
 z - an uncursed ring of poison resistance {unknown}
Wands
 s - a wand of slowing (32/48)
 w - a wand of disintegration (10/24)
 y - a wand of flame (23/48)
Scrolls
 b - a scroll of remove curse
 e - 2 scrolls of enchant armour {unknown}
 h - 8 scrolls of identify
 i - 2 scrolls of magic mapping {unknown}
 j - 3 scrolls of fog
 n - a scroll of noise {unknown}
 u - a scroll of blinking {unknown}
 A - a scroll of summoning {unknown}
Potions
 d - a potion of flight
 g - a potion of ambrosia
 k - 6 potions of curing
 m - 2 potions of lignification
 o - 2 potions of heal wounds
 p - a potion of agility
Comestibles
 c - 8 meat rations
 t - a beef jerky


   Skills:
 + Level 6.4 Fighting
 * Level 10.1 Short Blades
 - Level 1.5 Armour
 + Level 6.4 Dodging
 + Level 7.4 Stealth
 + Level 4.4 Evocations


You had 8 spell levels left.
You didn't know any spells.

Dungeon Overview and Level Annotations

Branches:
Dungeon (8/15)             Temple (0/1) D:4            Lair (0/6) D:8

Altars:
Dithmenos
Fedhas
Makhleb
Ru
Zin

Shops:
D:4 [

Annotations:
D:7 Pikel
D:8 Iwannabefree's ghost, journeyman HuAK


Innate Abilities, Weirdness & Mutations

You are small and have problems with some larger weapons.
You are carnivorous and can eat meat at any time.
You have a pair of small horns on your head.
Your muscles are very strong. (Str +4)


Message History

Your Short Blades skill increases to level 10!
You barely miss the rat. Your headbutt misses the rat. You puncture the rat!
You kill the rat!
Trog accepts your kill.
You completely miss Iwannabefree's ghost.
Your headbutt misses Iwannabefree's ghost.
You are no longer berserk.
You are exhausted.
You feel yourself slow down.
You hit Iwannabefree's ghost.
You headbutt Iwannabefree's ghost, but do no damage.
Iwannabefree's ghost is lightly damaged.
Iwannabefree's ghost hits you!!
* * * LOW HITPOINT WARNING * * *
You feel your power leaking away.
You hit Iwannabefree's ghost but do no damage.
Your headbutt misses Iwannabefree's ghost.
Iwannabefree's ghost hits you!!
You die...

... #.#
#######.#
...# #.#
#.# .#. #.#
#.# # #.#
#.# #.# #.#
#.##.#.###
#.#
..........#
#.#
........#.#
##..#####@#
... #W#
........rr#
. ...$...l#
........#
.........
.......##
.......
..>....


You could see an iguana, Iwannabefree's ghost, a river rat and a rat.

Vanquished Creatures
  A komodo dragon (D:8)
  Grinder (D:5)
  A hungry ghost (D:7)
  Menkaure (D:5)
  Duvessa (D:5)
  A phantom (D:5)
  The ghost of Gravenous the Firebug, an amateur OpFE (D:3)
  Blork the orc (D:5)
  A bullfrog (D:7)
  A wyvern zombie (D:6)
  Dowan (D:5)
  A gnoll sergeant (D:5)
  3 scorpions
  A howler monkey (D:4)
  2 human zombies (Ossuary)
  2 bullfrog skeletons
  An orc wizard (D:3)
  A centaur skeleton (D:7)
  3 hell rats (D:8)
  An iguana (D:4)
  5 worker ants
  3 mummies (Ossuary)
  5 gnolls (D:5)
  12 adders
  An ooze (D:6)
  An adder skeleton (D:4)
  3 worms (D:4)
  A dart slug (D:2)
  5 leopard geckos
  14 orcs
  3 ball pythons
  3 giant cockroaches
  A gnoll zombie (Ossuary)
  4 goblins
  7 hobgoblins
  4 jackals (D:4)
  6 quokkas
  8 bats
  7 frilled lizards
  2 goblin zombies (Ossuary)
  3 hobgoblin zombies (Ossuary)
  A jackal zombie (D:5)
  11 kobolds
  7 rats
143 creatures vanquished.

Notes
Turn   | Place    | Note
-------+----------+-------------------------------------------
     0 | D:1      | SirGodfroy the Kobold Berserker began the quest for the Orb.
     0 | D:1      | Reached XP level 1. HP: 14/14 MP: 1/1
   253 | D:1      | Reached skill level 1 in Stealth
   253 | D:1      | Reached XP level 2. HP: 14/19 MP: 2/2
   754 | D:1      | Reached XP level 3. HP: 23/23 MP: 3/3
   918 | D:2      | Found a burning altar of Makhleb.
   923 | D:2      | Found a glowing silver altar of Zin.
   923 | D:2      | Noticed an angel
   923 | D:2      | Noticed a balrug
  1192 | D:2      | Reached ** piety under Trog
  1464 | D:2      | Gained mutation: Your muscles are strong. (Str +2) [potion of mutation]
  1464 | D:2      | Gained mutation: You possess an exceptional clarity of mind. [potion of mutation]
  1464 | D:2      | Gained mutation: You have a pair of small horns on your head. [potion of mutation]
  1514 | D:3      | Noticed Gravenous's ghost (amateur OpFE)
  1519 | D:3      | Killed Gravenous's ghost
  1519 | D:3      | Reached skill level 5 in Short Blades
  1519 | D:3      | Reached XP level 4. HP: 29/29 MP: 4/4
  1519 | D:3      | Reached XP level 5. HP: 33/33 MP: 5/5
  1909 | D:3      | Found a sacrificial altar of Ru.
  2159 | D:4      | Found a sand-covered staircase.
  2164 | Ossuary  | Entered an ossuary
  2206 | Ossuary  | Reached skill level 6 in Short Blades
  2206 | Ossuary  | Reached XP level 6. HP: 26/39 MP: 6/6
  2374 | Ossuary  | Gained mutation: Your body sometimes deteriorates upon taking damage. [potion of mutation]
  2374 | Ossuary  | Gained mutation: Armour fits poorly on your strangely shaped body. [potion of mutation]
  2384 | Ossuary  | Reached *** piety under Trog
  2464 | Ossuary  | Gained mutation: Your muscles are very strong. (Str +4) [potion of mutation]
  2464 | Ossuary  | Gained mutation: Your flesh is cold resistant. (rC+) [potion of mutation]
  2464 | Ossuary  | Gained mutation: You occasionally shout uncontrollably at your foes. [potion of mutation]
  2571 | D:4      | Received a gift from Trog
  2571 | D:4      | Reached XP level 7. HP: 14/44 MP: 7/7
  3107 | D:4      | Reached skill level 7 in Short Blades
  3545 | D:4      | Found Anen's Armour Shop.
  3585 | D:4      | Reached skill level 1 in Evocations
  3649 | D:4      | Found a blossoming altar of Fedhas.
  3697 | D:4      | Reached skill level 5 in Fighting
  3762 | D:4      | Found a staircase to the Ecumenical Temple.
  3871 | D:4      | Reached skill level 5 in Stealth
  4128 | D:5      | Entered Level 5 of the Dungeon
  4144 | D:5      | Reached skill level 5 in Dodging
  4144 | D:5      | Reached XP level 8. HP: 49/49 MP: 9/9
  4374 | D:5      | Noticed Menkaure
  4384 | D:5      | Killed Menkaure
  4384 | D:5      | Reached skill level 8 in Short Blades
  4584 | D:5      | Noticed Duvessa
  4584 | D:5      | Noticed Dowan
  4594 | D:5      | Killed Duvessa
  4601 | D:5      | Killed Dowan
  4671 | D:5      | Noticed Grinder
  4677 | D:5      | Killed Grinder
  4709 | D:5      | Lost mutation: Armour fits poorly on your strangely shaped body. [potion of cure mutation]
  4709 | D:5      | Lost mutation: Your flesh is cold resistant. (rC+) [potion of cure mutation]
  4709 | D:5      | Lost mutation: You possess an exceptional clarity of mind. [potion of cure mutation]
  4709 | D:5      | Lost mutation: Your body sometimes deteriorates upon taking damage. [potion of cure mutation]
  4709 | D:5      | Lost mutation: You occasionally shout uncontrollably at your foes. [potion of cure mutation]
  4876 | D:5      | Reached skill level 9 in Short Blades
  4887 | D:5      | Reached XP level 9. HP: 35/54 MP: 11/11
  5278 | D:5      | Noticed Blork the orc
  5287 | D:5      | Killed Blork the orc
  5509 | D:6      | Reached **** piety under Trog
  5742 | D:6      | Found a shadowy altar of Dithmenos.
  6298 | D:7      | Noticed Pikel
  6647 | D:8      | Found a staircase to the Lair.
  6651 | D:8      | Noticed a komodo dragon
  6666 | D:8      | Noticed Iwannabefree's ghost (journeyman HuAK)
  6678 | D:8      | Killed a komodo dragon
  6678 | D:8      | Reached skill level 10 in Short Blades
  6682 | D:8      | HP: 2/56 [Iwannabefree's ghost (19)]
  6683 | D:8      | Demolished by Iwannabefree's ghost

Skill      XL: |  1  2  3  4  5  6  7  8  9 |
---------------+----------------------------+-----
Stealth        | 1 2 3 4 5 6 7 |  7.4
Fighting       | 4 5 6 |  6.4
Short Blades   | 5 6 7 9 10 | 10.1
Dodging        | 3 4 5 6 |  6.4
Evocations     | 1 3 4 |  4.4
Armour         | |  1.5

Action                   |  1- 3 |  4- 6 |  7- 9 || total
-------------------------+-------+-------+-------++-------
Melee: Short sword       |    84 |   138 |   266 ||   488
       Headbutt          |     3 |    28 |    70 ||   101
Invok: Berserk           |     1 |     1 |     5 ||     7
  Use: Potion            |     7 |     6 |     1 ||    14
       Scroll            |     8 |       |     1 ||     9
 Stab: Sleeping          |     6 |    10 |    10 ||    26
       Paralysed         |       |     1 |       ||     1
       Distracted        |       |       |     1 ||     1
  Eat: Chunk             |    10 |     5 |    16 ||    31
Armor: Leather armour    |    14 |    13 |     5 ||    32
       Animal skin       |     3 |       |       ||     3
       Skin              |       |     3 |       ||     3
Dodge: Dodged            |    65 |    68 |   148 ||   281
